 Dungeon Crawl Stone Soup version 0.28-a0-1159-g27aa881441 (webtiles) character file.

Game seed: 6941049833411151511

12 Essalna the Firebug (level 2, 0/19 HPs)
             Began as a Demonspawn Fire Elementalist on Dec 15, 2021.
             Slain by a rat (3 damage)
             ... on level 1 of the Dungeon.
             The game lasted 00:01:10 (334 turns).

Essalna the Firebug (Demonspawn Fire Elementalist)   Turns: 334, Time: 00:01:10

Health: 0/19       AC:  2    Str:  8    XL:     2   Next: 20%
Magic:  5/5        EV: 12    Int: 18    God:
Gold:   0          SH:  0    Dex: 13    Spells: 4/5 levels left

rFire   . . .      SeeInvis .   c - +0 short sword
rCold   . . .      Faith    .   (no shield)
rNeg    . . .      Spirit   .   a - +0 robe
rPois   .          Reflect  .   (no helmet)
rElec   .          Harm     .   (no cloak)
rCorr   .          Rampage  .   (no gloves)
Will    .....                   (no boots)
Stlth   ++........              (no amulet)
HPRegen 0.06/turn               (no ring)
MPRegen 0.09/turn               (no ring)

@: no status effects
A: big brain 1
a: no special abilities


You were on level 1 of the Dungeon.
You visited 1 branch of the dungeon, and saw 1 of its levels.

Inventory:

Hand Weapons
 c - a +0 short sword (weapon)
Missiles
 b - a silver javelin (quivered)
Armour
 a - a +0 robe (worn)
Potions
 d - a potion of berserk rage {unknown}


   Skills:
 - Level 1.7 Dodging
 - Level 1.7 Stealth
 + Level 2.2 Spellcasting
 + Level 1.5 Conjurations
 + Level 2.9 Fire Magic


You had 4 spell levels left.
You knew the following spells:

 Your Spells              Type           Power      Damage    Failure   Level
a - Foxfire               Conj/Fire      40%        2x1d6     7%          1

Your spell library contained the following spells:

 Spells                   Type           Power      Damage    Failure   Level
 Scorch                   Fire           24%        2d6       8%          2
 Conjure Flame            Conj/Fire      10%        6-21      22%         3
 Inner Flame              Hex/Fire       7%         N/A       28%         3
 Flame Wave               Conj/Fire      10%        2d5       56%         4


Dungeon Overview and Level Annotations

Branches:
Dungeon (1/15)

Altars:


Innate Abilities, Weirdness & Mutations

You have an unusually large brain. (Int +2)


Message History

* * * LOW HITPOINT WARNING * * *
You hit the jackal.
You kill the jackal!
You see here a giant cockroach corpse.
A rat comes into view.
A goblin comes into view. It is wielding a +0 club.
The goblin shouts!
A ball python comes into view.
You see here 4 silver javelins.
b - 4 silver javelins The ball python hisses angrily.
The rat barely misses you.
You see here a giant cockroach corpse.
Throw: 4 javelins (silver)
Press: ? - help, Q - select action, (/) - cycle Shift-Dir - straight line, f - ball python
Aim: a ball python (52% to hit)
You throw a silver javelin.
The silver javelin barely misses the rat.
The silver javelin misses the goblin.
The silver javelin closely misses the ball python.
The rat barely misses you. x2
Throw: 3 javelins (silver)
Press: ? - help, Q - select action, (/) - cycle Shift-Dir - straight line, f/p - ball python
Aim: a ball python (52% to hit)
You throw a silver javelin.
The silver javelin barely misses the rat.
The silver javelin pierces through the goblin.
You kill the goblin!
The silver javelin barely misses the ball python.
The rat bites you.
* * * LOW HITPOINT WARNING * * *
Throw: 2 javelins (silver)
Press: ? - help, Q - select action, (/) - cycle Shift-Dir - straight line, f/p - ball python
Aim: a ball python (52% to hit)
You throw a silver javelin.
The silver javelin barely misses the rat.
The silver javelin pierces through the ball python.
You kill the ball python!
The rat completely misses you. The rat bites you.
You die...

###
#.#############
#........†.....
###
#.#############
#.#########.#
#(...†)r@...#
#.###########
#'# ... .....
### ....g.. #..
...S..... #...#
#.........# #.
# #.........#
###


You could see a rat.

Vanquished Creatures
  An endoplasm (D:1)
  2 giant cockroaches (D:1)
  A goblin (D:1)
  4 jackals (D:1)
  A kobold (D:1)
  A ball python (D:1)
10 creatures vanquished.

Vanquished Creatures (others)
  3 foxfires (D:1)
3 creatures vanquished.

Grand Total: 13 creatures vanquished

Notes
Turn   | Place    | Note
-------+----------+-------------------------------------------
     0 | D:1      | Essalna the Demonspawn Fire Elementalist began the quest
                  | for the Orb.
     0 | D:1      | Reached XP level 1. HP: 13/13 MP: 3/3
   307 | D:1      | Gained mutation: You have an unusually large brain. (Int
                  | +2) [demonic ancestry]
   307 | D:1      | Reached XP level 2. HP: 12/19 MP: 3/5
   334 | D:1      | Slain by a rat

Illustrated notes

Levels and vault maps discovered:
D:1:      lightli_arrival_lavapool, layout_basic,
          hellmonk_ecumenical_altar_blasted

Action                   || total
-------------------------++-------
Melee: Short sword       ||    24
Throw: Javelin           ||     7
 Cast: Foxfire           ||     4
Armor: Robe              ||     7
Dodge: Dodged            ||    22

Table legend: (Time is in decaauts)
 A = Elapsed time spent in this place.
 B = Non-inter-level travel time spent in this place.
 C = Inter-level travel time spent in this place.
 D = Time resting spent in this place.
 E = Time spent auto-exploring this place.
 F = Levels seen in this place.
 G = Mean time per level.
                   A        B        C        D        E       F      G
               +--------+--------+--------+--------+--------+-----+--------+
         Total |    338 |    335 |      3 |      0 |    251 |   1 |  338.0 |
       Dungeon |    338 |    335 |      3 |      0 |    251 |   1 |  338.0 |
               +--------+--------+--------+--------+--------+-----+--------+

Top non-repeatable levels by time:
     D:1: 338 daAuts
